 Dungeon Crawl Stone Soup version 0.26.1-2-gb8aa6d0cf2 (webtiles) character file.

Game seed: 14655951303272945660

338 promet the Covert (level 6, -1/45 HPs)
             Began as an Octopode Brigand on Mar 6, 2021.
             Slain by a worker ant (2 damage)
             ... on level 3 of the Dungeon on Mar 7, 2021.
             The game lasted 00:20:35 (3066 turns).

promet the Covert (Octopode Brigand)                Turns: 3066, Time: 00:20:36

Health: -1/45      AC:  1    Str: 12    XL:     6   Next: 55%
Magic:  6/6        EV: 13    Int: 14    God:
Gold:   73         SH:  0    Dex: 13    Spells: 5/5 levels left

rFire    x . .     SeeInvis .   r - +0 scythe
rCold    + . .     Faith    .   (shield currently unavailable)
rNeg     . . .     Spirit   .   (helmet restricted)
rPois    .         Reflect  .   (no amulet)
rElec    .         Harm     .   g - ring of ice
rCorr    .         Rampage  .   (no ring)
Will     .....                  (no ring)
Stlth    +++++.....             (no ring)
HPRegen  0.15/turn              (no ring)
MPRegen  0.10/turn              (no ring)
                                (no ring)
                                (no ring)

@: lethally poisoned (-1 -> -5)
A: almost no armour, stealthy swim, amphibious, 8 rings, constrict 8, camouflage
1, robust 1, gelatinous body 1
a: no special abilities


You were on level 3 of the Dungeon.
You visited 1 branch of the dungeon, and saw 3 of its levels.

You collected 73 gold pieces.

Inventory:

Hand Weapons
 a - a +3 dagger
 b - a +0 shortbow
 d - a +0 short sword
 r - a +0 scythe (weapon)
Missiles
 c - 2 curare-tipped darts
 e - 81 stones
 k - 61 sling bullets
 n - 39 bolts
 o - 48 arrows
 p - 54 poisoned darts (quivered)
 s - a throwing net
Jewellery
 g - a ring of ice (left tentacle)
 j - an uncursed ring of see invisible {unknown}
Scrolls
 f - 2 scrolls of identify
 h - 2 scrolls of remove curse
 l - 2 scrolls of magic mapping
 q - a scroll of teleportation
Potions
 i - 3 potions of might
 m - a potion of mutation


   Skills:
 + Level 2.6 Fighting
 + Level 3.1 Short Blades
 + Level 2.8 Throwing
 + Level 1.8 Dodging
 * Level 8.8 Stealth


You had 5 spell levels left.
You didn't know any spells.
Your spell library was empty.

Dungeon Overview and Level Annotations

Branches:
Dungeon (3/15)

Altars:
Okawaru
Ru


Innate Abilities, Weirdness & Mutations

You cannot wear most types of armour.
You are very stealthy in the water. (Stealth+)
You are amphibious.
You can wear up to eight rings at the same time.
You can use your tentacles to constrict eight enemies at once.
Your skin changes colour to match your surroundings (Stealth+).
Your rubbery body absorbs attacks. (AC +1, EV +1)
You are robust. (+10% HP)


Message History

You feel sick. The worker ant bites you!
* * * LOW HITPOINT WARNING * * *
You are more poisoned.
The worker ant poisons you!
You feel better. The worker ant bites you.
* * * LOW HITPOINT WARNING * * *
You are lethally poisoned!
The worker ant poisons you!
* * * LOW HITPOINT WARNING * * *
You feel sick.
* * * LOW HITPOINT WARNING * * *
You feel sick.
It was a potion of mutation.
You feel extremely strange.
You feel robust.
You feel clumsy.
You feel agile.
* * * LOW HITPOINT WARNING * * *
You feel sick. The worker ant barely misses you. The gnoll misses you.
The worker ant barely misses you.
* * * LOW HITPOINT WARNING * * *
You feel sick. The worker ant bites you.
You die...

###########
##........############
##........#..........#
..........#..........#
................@....#
..........###..B.#<###
.............g...#.#
.รท######.........#.#
..# #....g##.##.# ..##
#...g##...###
...######..##.....##
...gg...>..#.......#.#
........#......_.....#


You could see a worker ant and 3 gnolls.

Vanquished Creatures
  Sigmund (D:2)
  A centaur (D:2)
  An adder (D:3)
  2 gnolls
  2 dart slugs (D:2)
  2 leopard geckos (D:1)
  A giant cockroach (D:2)
  6 hobgoblins
  7 jackals
  11 kobolds
  A quokka (D:3)
  A ball python (D:2)
  6 bats
  6 frilled lizards
  9 goblins
  2 rats (D:1)
59 creatures vanquished.

Notes
Turn   | Place    | Note
-------+----------+-------------------------------------------
     0 | D:1      | promet the Octopode Brigand began the quest for the Orb.
     0 | D:1      | Reached XP level 1. HP: 14/14 MP: 1/1
   155 | D:1      | Reached XP level 2. HP: 12/19 MP: 2/2
   158 | D:1      | Reached skill level 6 in Stealth
   940 | D:1      | Reached XP level 3. HP: 21/24 MP: 3/3
  1214 | D:2      | Found a sacrificial altar of Ru.
  1229 | D:2      | Noticed a centaur
  1246 | D:2      | Killed a centaur
  1247 | D:2      | Reached skill level 7 in Stealth
  1247 | D:2      | Reached XP level 4. HP: 4/29 MP: 4/4
  1842 | D:2      | Reached XP level 5. HP: 34/34 MP: 5/5
  2436 | D:2      | Noticed Sigmund
  2444 | D:2      | Killed Sigmund
  2445 | D:2      | Reached skill level 8 in Stealth
  2445 | D:2      | Reached XP level 6. HP: 41/41 MP: 6/6
  2640 | D:3      | Found an iron altar of Okawaru.
  3060 | D:3      | HP: 2/41 [worker ant (7)]
  3064 | D:3      | Gained mutation: You are robust. (+10% HP) [potion of
                  | mutation]
  3064 | D:3      | Gained mutation: You are clumsy. (Dex -2) [potion of
                  | mutation]
  3064 | D:3      | Lost mutation: You are clumsy. (Dex -2) [potion of
                  | mutation]
  3066 | D:3      | HP: 1/45 [poisoned by a worker ant]
  3066 | D:3      | Slain by a worker ant

Illustrated notes

Levels and vault maps discovered:
D:1:      saegor_arrival_simple_c, layout_rooms
D:2:      minmay_door_path, layout_loops_ring, nicolae_ru_the_path_less_chosen,
          uniq_sigmund
D:3:      corexii_shack_village, layout_basic, general_overflow_altar,
          lemuel_round_altar, uniq_robin

Skill      XL: |  1  2  3  4  5 |
---------------+----------------+-----
Stealth        | 6 7 8 |  8.8
Short Blades   | 3 |  3.1
Fighting       | |  2.6
Throwing       | |  2.8
Dodging        | |  1.8

Action                   |  1- 3 |  4- 6 || total
-------------------------+-------+-------++-------
Melee: Dagger            |    57 |    46 ||   103
       Constrict         |    15 |    12 ||    27
       Tentacles         |     3 |     9 ||    12
       Halberd           |       |     2 ||     2
       Scythe            |       |    12 ||    12
Throw: Dart              |    11 |     2 ||    13
  Use: Scroll            |     5 |     4 ||     9
       Potion            |     4 |     2 ||     6
 Stab: Sleeping          |     1 |     8 ||     9
Armor: Skin              |     5 |     7 ||    12
Dodge: Dodged            |    51 |    39 ||    90
